 Dungeon Crawl Stone Soup version 0.29.0-7-g18a832c13a (webtiles) character file.

Game seed: 559724007450902029

0 Zeldest the Sneak (level 1, -10/21 HPs)
             Began as a Naga Delver on Aug 30, 2022.
             Mangled by an orc warrior
             ... wielding a +0 trident
              (18 damage)
             ... on level 8 of the Dungeon.
             The game lasted 00:01:03 (71 turns).

Zeldest the Sneak (Naga Delver)                       Turns: 71, Time: 00:01:03

Health: -10/21     AC:  1    Str: 14    XL:     1   Next: 10%
Magic:  1/1        EV:  9    Int: 10    God:
Gold:   0          SH:  0    Dex: 12    Spells: 0/0 levels left

rFire   . . .      SeeInvis +   a - +0 short sword
rCold   . . .      Faith    .   (no shield)
rNeg    . . .      Spirit   .   b - +0 leather armour
rPois   +          Reflect  .   (no helmet)
rElec   .          Harm     .   (no cloak)
rCorr   .          Rampage  .   (no gloves)
Will    .....                   (no barding)
Stlth   +++.......              (no amulet)
HPRegen 0.07/turn               (no ring)
MPRegen 0.07/turn               (no ring)

@: very slow
A: AC +0, large, see invisible, deformed body, poison resistance, slowness 2,
spit poison 1, naga tail 1
a: Spit Poison


You were on level 8 of the Dungeon.
You visited 1 branch of the dungeon, and saw 2 of its levels.

Inventory:

Hand Weapons
 a - a +0 short sword (weapon)
Armour
 b - a +0 leather armour (worn)
Wands
 g - a wand of digging (3)
Scrolls
 c - a scroll of fog
 e - a scroll of fear
Potions
 d - a potion of flight {unknown}
 f - a potion of haste


   Skills:
 + Level 3.0 Fighting
 - Level 2.0 Short Blades
 - Level 1.5 Dodging
 + Level 7.2 Stealth


You couldn't memorise any spells.
You didn't know any spells.
Your spell library was empty.

Dungeon Overview and Level Annotations

Branches:
Dungeon (5/15)
 Temple: D:4-7

Altars:


Innate Abilities, Weirdness & Mutations

Your serpentine skin is tough. (AC +0)
You have supernaturally acute eyesight. (SInv)
Armour fits poorly on your strangely shaped body.
Your system is resistant to poisons. (rPois)
You cover ground very slowly.
You can spit poison.
You have a snake-like lower body.


Message History

Welcome, Zeldest the Naga Delver.
They say the Orb of Zot lies within this dungeon, but they say a lot of things.
Press ? for a list of commands and other information.
Found a stone staircase leading down.
A sourceless malevolence fills the Dungeon...
You fall into a shaft and drop 3 floors!
The shaft crumbles and collapses.
A kobold comes into view. It is wielding a +0 whip.
The kobold shouts!
You hear a shout!
Found 16 gold pieces.
You barely miss the kobold. The kobold hits you with a +0 whip.
You hit the kobold.
The kobold is moderately wounded.
The kobold barely misses you.
You hit the kobold.
You kill the kobold!
An orc comes into view. It is wielding a +0 whip.
A wight comes into view. It is wielding a +0 morningstar.
Things that are here:
a +0 whip; a kobold corpse An orc warrior comes into view.
It is wielding a +0 trident.
An orc wizard comes into view. It is wielding a +0 dagger.
As you read the scroll of magic mapping, it crumbles to dust.
You feel aware of your surroundings.
You sensed 3 altars.
Found a grey potion.
d - a grey potion The orc warrior shouts!
An orc comes into view. It is wielding a +0 club.
The orc warrior barely misses you.
The orc warrior attacks as you move away!
The orc warrior hits you with a +0 trident!
Ouch! That really hurt!
The orc warrior hits you from afar with a +0 trident!!
Ouch! That really hurt!
You die...

*****,,,*****,,**,,*
**,,* **,,,,** *,,*
**,,,* **,##
***,,*** #**###
*,.#*##.,,,,,*
#.*#.#
*..##...,*,,,,
*#.#.#
*#.....#**,,,*
*#..#######...#**
*..#*
*#.#..@.......# *..#
#.#####.o..#..##
*#..# ##* ###o.....#
*...# #......###...#
*#........#...#
#..######.....##
*#.## #.......
****#..* ##..###..
*,,,#.#* ##..## *,.


You could see an orc warrior and an orc (wandering).

Vanquished Creatures
  A kobold (D:8)
1 creature vanquished.

Notes
Turn   | Place    | Note
-------+----------+-------------------------------------------
     0 | D:5      | Zeldest the Naga Delver began the quest for the Orb.
     0 | D:5      | Reached XP level 1. HP: 21/21 MP: 1/1
    19 | D:5      | You fall into a shaft and drop 3 floors!
    36 | D:8      | Noticed a wight
    37 | D:8      | Noticed an orc warrior
    40 | D:8      | Noticed an orc wizard
    71 | D:8      | Mangled by an orc warrior

Illustrated notes

Levels and vault maps discovered:
D:5:      layout_basic, elyvilon_altar_5, serial_shops, shop
D:8:      layout_layer_cave, lemuel_crystal_altar, grunt_gozag_statues,
          nemelex_xobeh_ov_fountains_minmay, uniq_pikel

Action                   || total
-------------------------++-------
Melee: Short sword       ||     3
  Use: Scroll            ||     1
Dodge: Dodged            ||     2
